 Dungeon Crawl Stone Soup version 0.32-a0-132-g2d33c3cfaf (webtiles) character file.

Game seed: 9724897119897005519

149 greenreed the Ruffian (level 5, -2/50 HPs)
             Began as a Troll Shapeshifter on Feb 9, 2024.
             Killed by divine providence
             ... invoked by an orc priest
              (13 damage)
             ... on level 4 of the Dungeon.
             The game lasted 00:02:17 (1934 turns).

greenreed the Ruffian (Troll Shapeshifter)          Turns: 1934, Time: 00:02:18

Health: -2/50      AC:  4    Str: 24    XL:     5   Next: 9%
Magic:  4/4        EV: 10    Int:  6    God:
Gold:   207        SH:  5    Dex:  9    Spells: 4/4 levels left

rFire   . .          .
                       - Unarmed
rCold   . . .        (no shield)
rNeg    . . .        a - +0 animal skin
rPois   .            (helmet currently unavailable)
rElec   .            (cloak currently unavailable)
rCorr   +            (gloves unavailable)
SInv    .            (boots unavailable)
Will    .....        n - amulet of reflection
Stlth   +            l - ring of resist corrosion
HPRegen 1.08/turn    (no ring)
MPRegen 0.09/turn

%: reflection
@: beast-form
A: beast (slay +1), large, unfitting armour, claws 3, regeneration 1, shaggy fur
1, tough skin 1
a: Begin Untransformation


You were on level 4 of the Dungeon.
You were a hulking beast.
You visited 1 branch of the dungeon, and saw 4 of its levels.

You collected 207 gold pieces.

Inventory:

Armour
 a - a +0 animal skin (worn)
Jewellery
 l - a ring of resist corrosion (left claw)
 n - an amulet of reflection (around neck)
Talismans
 c - a beast talisman
 d - a flux talisman
Scrolls
 f - 5 scrolls of identify {unknown}
 h - a scroll of silence {unknown}
 i - 2 scrolls of fog {unknown}
 j - a scroll of poison {unknown}
 p - a scroll of butterflies {unknown}
Potions
 b - 2 potions of lignification
 e - a potion of might {unknown}
 g - 6 potions of curing {unknown}
 k - 2 potions of heal wounds {unknown}
 m - a potion of attraction {unknown}
 o - a potion of resistance {unknown}
 q - a potion of brilliance {unknown}


   Skills:
 * Level 2.3 Fighting
 + Level 2.3 Dodging
 * Level 4.1 Unarmed Combat
 + Level 3.4 Shapeshifting


You had 4 spell levels left.
You didn't know any spells.
Your spell library contained the following spells:

 Spells                   Type           Power      Damage    Failure   Level
 Gell's Gravitas          Tloc           0%         N/A       83%         3
 Teleport Other           Tloc           0%         N/A       83%         3
 Dispersal                Tloc           0%         N/A       100%        6


Dungeon Overview and Level Annotations

Branches:
Dungeon (4/15)
 Temple: D:4-7

Altars:
Wu Jian


Innate Abilities, Weirdness & Mutations

You are a hulking beast.
Your limbs bulge with bestial killing power. (Slay +1)
You are too large for most types of armour.
You have claws for hands.
Your natural rate of healing is unusually fast.
You are covered in fur. (AC +1)
You have tough skin. (AC +1)


Message History

Found a book of Sloth.
The orc shouts!
You hear a shout!
An orc priest comes into view. It is wielding a +0 whip.
An orc and an orc wizard come into view.
Found a scroll labelled EMEJIJIRUD.
The orc shouts!
The orc wizard shouts!
An orc priest comes into view. It is wielding a +0 hand axe.
The orc priest shouts! x2
The orc priest calls down the wrath of Beogh upon you.
Beogh smites you!
A quokka comes into view.
A phantom comes into view.
You block the orc's attack.
The quokka twitches its whiskers.
You closely miss the orc. You block the orc's attack.
The orc priest looks braver for a moment.
You closely miss the orc wizard. The orc wizard barely misses you.
The orc priest mumbles some strange prayers to Beogh against you.
Beogh smites you!
You scratch the orc wizard.
The orc wizard is moderately wounded.
The orc closely misses you. The orc hits you with a +0 club.
The orc wizard mumbles some strange words.
The orc wizard flickers and vanishes!
Deactivating autopickup; reactivate with Ctrl-A.
You block something's attack. The orc hits you with a +0 hand axe.
The orc attacks as it pursues you! The orc hits you but does no damage.
The orc priest looks braver for a moment.
The orc attacks as it pursues you! The orc barely misses you.
The orc attacks as it pursues you! The orc closely misses you.
The orc priest miscasts a cantrip.
The orc attacks as it pursues you! You block the orc's attack.
The orc priest calls down the wrath of Beogh upon you.
Beogh smites you!
* * * LOW HITPOINT WARNING * * *
The orc attacks as it pursues you! The orc hits you with a +0 hand axe.
* * * LOW HITPOINT WARNING * * *
The orc priest mumbles some strange prayers to Beogh against you.
Beogh smites you!
You die...

...#...#........#
...#...#........# .
...#...####....o## .#
..........+......# ..##
.......# #....Wo###....
...##..# #....ro.......
...###.#########........
...# #......## #o.......
...# ###.....###h.......
...# ##.....#.........
...# #...#....#......
#### ##♣†♣#♣.♣.##.....
#........>.......
#.♣.♣#♣#♣.##.#### #...#
#..# # ##### ##... ####


You could see a phantom, 2 orc priests, 2 orcs and a quokka.

Vanquished Creatures
  A scorpion (D:3)
  3 adders
  2 orcs (D:3)
  4 ball pythons
  7 bats
  An endoplasm (D:3)
  3 giant cockroaches
  4 goblins
  6 hobgoblins
  7 jackals
  3 quokkas
  3 frilled lizards
  5 kobolds
  6 rats
55 creatures vanquished.

Notes
Turn   | Place    | Note
-------+----------+-------------------------------------------
     0 | D:1      | greenreed the Troll Shapeshifter began the quest for the
                  | Orb.
     0 | D:1      | Reached XP level 1. HP: 18/18 MP: 0/0
    76 | D:1      | Reached skill level 1 in Fighting
   234 | D:1      | Reached XP level 2. HP: 27/27 MP: 1/1
   909 | D:2      | Reached XP level 3. HP: 29/33 MP: 2/2
  1374 | D:3      | Found an ornate altar of the Wu Jian Council.
  1541 | D:3      | Reached XP level 4. HP: 42/42 MP: 3/3
  1572 | D:3      | Noticed a scorpion
  1576 | D:3      | Killed a scorpion
  1577 | D:3      | Reached skill level 4 in Unarmed Combat
  1577 | D:3      | Reached XP level 5. HP: 49/49 MP: 4/4
  1717 | D:3      | Identified the +2 robe "Baqojyre" {Harm Int+2}
  1925 | D:4      | Noticed a phantom
  1934 | D:4      | Killed from afar by an orc priest

Illustrated notes

Levels and vault maps discovered:
D:1:      nicolae_arrival_washed_ashore, layout_loops_corners
D:2:      layout_rooms
D:3:      minmay_chambers_of_twos, layout_rooms, nicolae_overflow_crystal_walls,
          kennysheep_generic_room_7
D:4:      layout_basic, temple_fountains, serial_forest,
          infiniplex_forest_lined_2, infiniplex_forest_clump_small,
          infiniplex_forest_straight_3, infiniplex_forest_corner_1,
          minmay_misc_feat_enclosed, uniq_edmund

Skill      XL: |  1  2  3  4 |
---------------+-------------+-----
Fighting       | 1 2 |  2.3
Dodging        | 2 |  2.3
Unarmed Combat | 4 |  4.1
Shapeshifting  | |  3.4

Action                     |  1- 3 |  4- 6 || total
---------------------------+-------+-------++-------
  Melee: Unarmed           |    79 |    30 ||   109
         Punch             |     2 |     1 ||     3
 Armour: Animal skin       |    45 |    17 ||    62
  Dodge: Dodged            |    35 |    18 ||    53
  Block: Other             |     6 |     5 ||    11

Table legend: (Time is in decaauts)
 A = Elapsed time spent in this place.
 B = Non-inter-level travel time spent in this place.
 C = Inter-level travel time spent in this place.
 D = Time resting spent in this place.
 E = Time spent auto-exploring this place.
 F = Levels seen in this place.
 G = Mean time per level.
                   A        B        C        D        E       F      G
               +--------+--------+--------+--------+--------+-----+--------+
         Total |   1925 |   1893 |     32 |      0 |   1615 |   4 |  481.2 |
       Dungeon |   1925 |   1893 |     32 |      0 |   1615 |   4 |  481.2 |
               +--------+--------+--------+--------+--------+-----+--------+

Top non-repeatable levels by time:
     D:1: 889 daAuts
     D:3: 511 daAuts
     D:2: 396 daAuts
     D:4: 127 daAuts
